 Dungeon Crawl Stone Soup version 0.18.1-48-g4cf74bf (webtiles) character file.

202 Mesmaeker13 the Covert (level 5, -4/38 HPs)
             Began as a Vampire Assassin on July 12, 2016.
             Splashed by a hobgoblin's acid (13 damage)
             ... led by Robin
             ... on level 3 of the Dungeon.
             The game lasted 00:07:21 (2408 turns).

Mesmaeker13 the Covert (Vampire Assassin)           Turns: 2408, Time: 00:07:21

Health: -4/38      AC:  4    Str: 11    XL:     5   Next: 50%
Magic:  5/5        EV: 12    Int: 14    God:
Gold:   127        SH:  0    Dex: 15    Spells: 0 memorised, 4 levels left

rFire  . . .     SeeInvis +     v - +0 dagger (speed)
rCold  + . .     Gourm    .     c - +0 robe
rNeg   + . .     Faith    .     (no shield)
rPois  .         Spirit   .     (no helmet)
rElec  .         Dismiss  .     d - +0 cloak
rCorr  .         Reflect  .     m - +0 pair of gloves
SustAt .         Harm     .     (no boots)
MR     .....                    (no amulet)
Stlth  ++++......               (no ring)
                                p - ring of protection from cold

@: not resistant to hostile enchantments, stealthy
A: fangs 3, see invisible, unbreathing
a: Bat Form


You were on level 3 of the Dungeon.
You were not thirsty.

You visited 1 branch of the dungeon, and saw 3 of its levels.

You collected 127 gold pieces.

Inventory:

Hand Weapons
 a - a +2 dagger
 b - a +0 blowgun
 v - a +0 dagger of speed (weapon)
Missiles
 e - 25 poisoned needles
Armour
 c - a +0 robe (worn)
 d - a +0 cloak (worn)
 f - a +1 scale mail of cold resistance
 j - a cursed +0 chain mail
 m - a +0 pair of gloves (worn)
Jewellery
 p - a ring of protection from cold (left hand)
Scrolls
 h - a scroll of enchant weapon {unknown}
 k - a scroll of random uselessness {unknown}
 n - a scroll of teleportation
 o - a scroll of enchant armour {unknown}
 t - a scroll of remove curse {unknown}
Potions
 l - a potion of resistance
 q - a potion of berserk rage {unknown}
 r - a potion of lignification {unknown}
 s - 6 potions of blood


   Skills:
 - Level 1.7 Fighting
 + Level 4.7 Short Blades
 - Level 1.5 Throwing
 + Level 2.1 Dodging
 + Level 8.0 Stealth


You had 4 spell levels left.
You didn't know any spells.

Dungeon Overview and Level Annotations

Branches:
Dungeon (3/15)

Altars:


Innate Abilities, Weirdness & Mutations

You have razor-sharp teeth.
You have supernaturally acute eyesight.
You can survive without breathing.


Message History

Robin looks even sicker.
Robin is moderately wounded.
Firing (i - inventory):
e - 26 poisoned needles (quivered)
Press: ? - help, Shift-Dir - straight line, f/p - Robin
Aim: Robin, wielding a dagger of venom, wearing an animal skin and wearing a helmet (heavily wounded, poisoned, unusually resistant)
You shoot a poisoned needle. The poisoned needle hits Robin.
Robin is heavily wounded.
The hobgoblin shouts!
Wield which item (- for none, * to show all)? (? for menu, Esc to quit)
Your hands tingle!
v - a +0 dagger of speed (weapon)
The goblin shouts! x3
You hit Robin.
You kill Robin!
Your Stealth skill increases to level 8!
Unknown command.
The hobgoblin zaps a wand.
The bolt of acid hits you!
* * * LOW HITPOINT WARNING * * *
The acid burns!
You die...

############### ######
#....##.)......
###.....##....##........
#.............##.......g
#.......#...).##.....gg(
#...#####....###@)(r(((g
....#......#.....#####g.
....#.###.(#.......#
........#(.#.......#
.####...#(.#.........#
.......##..#.#######.#
.(..[y.(...#.# +#
.......###.#.#
....y..###...# #....


You could see 2 hobgoblins, 3 goblins and a rat.

Vanquished Creatures
  A killer bee (D:3)
  Terence (D:2)
  Robin (D:3)
  4 gnolls
  An ooze (D:2)
  A worm (D:2)
  5 dart slugs
  An orc (D:3)
  2 giant cockroaches
  6 goblins
  7 hobgoblins
  7 jackals (D:2)
  9 kobolds
  10 bats
  3 giant newts
  8 rats
67 creatures vanquished.

Notes
Turn   | Place    | Note
--------------------------------------------------------------
     0 | D:1      | Mesmaeker13 the Vampire Assassin began the quest for the Orb.
     0 | D:1      | Reached XP level 1. HP: 16/16 MP: 1/1
    69 | D:1      | Reached skill level 6 in Stealth
   180 | D:1      | Reached XP level 2. HP: 22/22 MP: 2/2
   544 | D:1      | Reached XP level 3. HP: 27/27 MP: 3/3
   892 | D:2      | Reached skill level 7 in Stealth
  1054 | D:2      | Noticed Terence
  1086 | D:2      | Killed Terence
  1086 | D:2      | Reached XP level 4. HP: 8/33 MP: 4/4
  2127 | D:3      | Noticed Robin
  2207 | D:2      | Reached XP level 5. HP: 31/38 MP: 5/5
  2407 | D:3      | Killed Robin
  2407 | D:3      | Reached skill level 8 in Stealth
  2408 | D:3      | Splashed by a hobgoblin's acid

Skill      XL: |  1  2  3  4  5 |
---------------+----------------+-----
Stealth        | 6 7 8 |  8.0
Short Blades   | 3 4 |  4.7
Dodging        | 2 |  2.1
Fighting       | |  1.7
Throwing       | |  1.5

Action                   |  1- 3 |  4- 6 || total
-------------------------+-------+-------++-------
Melee: Dagger            |    77 |    72 ||   149
       Bite              |     6 |     8 ||    14
 Fire: Blowgun           |    10 |    20 ||    30
  Use: Potion            |       |     6 ||     6
       Scroll            |       |     2 ||     2
 Stab: Sleeping          |    19 |     6 ||    25
Armor: Robe              |    11 |    17 ||    28
Dodge: Dodged            |    41 |    33 ||    74
